Map: Void Training Stage 3

Players

Michael - Winner!

  • Race: Protoss Protoss
  • League: Platinum
  • Spawn Location: 12:00

Player 2

  • Race: Terran Terran
  • Spawn Location: 6:00

VOD

Have the link to the VOD?

Description

Time

  • Played on: Oct. 12, 2018, 8:35 p.m.
  • Length: 8:32
Show
View Real Time Build Order
Export as new Build Order

Michael Protoss - Winner!

Build Orders:  

Get SALT Encoding   

  1  0:00  Probe  
  12  0:05  Probe  
  14  0:15  Probe  
  15  0:22  Pylon  
  15  0:40  Probe, Gateway  
  16  0:45  Assimilator  
  16  0:52  Probe  
  17  1:01  Probe  
  17  1:02  Pylon  
  17  1:09  Probe  
  19  1:19  Probe  
  20  1:31  Probe  
  21  1:34  Zealot, Cybernetics Core  
  23  1:46  Gateway  
  23  1:53  Probe  
  24  2:01  Warp Gate  
  24  2:02  Probe  
  25  2:10  Probe  
  26  2:18  Nexus  
  26  2:19  Probe  
  27  2:27  Zealot  
  29  2:32  Pylon  
  29  2:38  Probe  
  30  2:50  Probe  
  29  3:01  Stargate  
  29  3:02  Probe  
  30  3:12  Zealot  
  32  3:13  Zealot  
  32  3:14  Probe  
  35  3:23  Assimilator  
  35  3:27  Pylon  
  35  3:29  Pylon  
  35  3:30  Forge  
  35  3:40  Twilight Council  
  35  3:47  Probe  
  35  3:50  Probe  
  37  3:55  Probe  
  38  4:03  Probe  
  38  4:05  Probe  
  38  4:06  Gateway  
  40  4:14  Probe  
  40  4:15  Probe  
  41  4:22  Probe  
  42  4:27  Probe  
  42  4:31  Twilight Council, Probe  
  45  4:39  Probe  
  45  4:40  Void Ray  
  45  4:43  Probe  
  45  4:45  Pylon  
  47  4:48  Pylon  
  47  4:51  Probe  
  52  4:55  Charge  
  52  5:12  Pylon  
  52  5:14  Probe  
  53  5:15  Pylon  
  51  5:22  Gateway  
  51  5:26  Probe  
  48  5:35  Pylon  
  48  5:37  Stalker  
  48  5:38  Zealot x2, Probe  
  48  5:41  Void Ray  
  59  5:53  Gateway  
  59  5:54  Gateway  
  59  5:57  Gateway  
  59  6:00  Probe, Gateway  
  59  6:03  Probe  
  61  6:04  Pylon  
  61  6:06  Gateway  
  61  6:08  Probe  
  61  6:09  Gateway  
  61  6:15  Probe  
  61  6:17  Zealot  
  61  6:18  Zealot x2  
  69  6:32  Zealot  
  69  6:35  Void Ray  
  71  6:50  Zealot  
  71  6:51  Zealot x2  
  77  7:01  Photon Cannon x2  
  77  7:03  Gateway  
  77  7:06  Gateway  
  77  7:07  Gateway  
  77  7:12  Photon Cannon  
  77  7:13  Zealot  
  77  7:14  Photon Cannon, Zealot x3  
  77  7:15  Photon Cannon  
  85  7:16  Void Ray  
  85  7:17  Photon Cannon  
  83  7:39  Zealot x2  
  87  7:44  Zealot x2  
  91  7:56  Gateway  
  87  7:59  Pylon  
  87  8:01  Pylon  
  89  8:10  Zealot  
  89  8:11  Zealot x3  
  93  8:15  Zealot  
  93  8:19  Zealot  
Show
View Real Time Build Order
Export as new Build Order

Player 2 Terran 

Build Orders:  

Get SALT Encoding   

  12  0:00  SCV  
  13  0:13  SCV  
  14  0:20  Supply Depot  
  14  0:25  SCV  
  15  0:41  SCV  
  16  0:43  Barracks  
  16  0:49  Refinery  
  16  0:53  SCV  
  17  1:05  SCV  
  18  1:17  Supply Depot  
  18  1:31  Marine  
  19  1:33  Barracks, Orbital Command  
  19  1:43  Refinery  
  19  1:50  Barracks Tech Lab  
  19  2:08  Marine  
  19  2:10  Supply Depot  
  20  2:20  Marine  
  21  2:30  Marauder  
  21  2:31  SCV  
  24  2:40  Marine  
  24  2:43  SCV  
  26  2:46  Supply Depot  
  26  2:51  Marauder  
  26  2:55  Engineering Bay  
  26  2:56  SCV  
  29  3:08  SCV  
  30  3:13  Marauder  
  32  3:20  SCV  
  33  3:32  SCV  
  34  3:34  Marauder  
  36  5:13  SCV, Barracks Tech Lab, Marine  
  38  5:16  Factory  
  38  5:18  Factory  
  38  5:19  Missile Turret  
  38  5:20  Missile Turret  
  37  5:23  Barracks  
  37  5:25  SCV  
  37  5:26  Supply Depot  
  37  5:31  Marine  
  38  5:35  Sensor Tower  
  38  5:39  Marine  
  38  5:40  Bunker  
  39  5:49  Supply Depot  
  39  5:52  Marine  
  40  6:02  Command Center  
  40  6:04  Starport, Factory Tech Lab x2  
  40  6:18  Armory  
  40  6:22  Cyclone  
  40  6:25  Barracks Reactor  
  43  6:35  Siege Tank  
  44  6:43  Starport Tech Lab  
  36  6:48  Marine  
  37  7:00  Marine  
  38  7:02  Raven  
  40  7:14  Siege Tank, SCV  
  44  7:17  SCV  
  44  7:20  Marine  
  41  7:24  Refinery  
  41  7:26  SCV  
  41  7:28  Hellion  
  41  7:29  SCV  
  36  7:35  Marine  
  31  7:38  SCV  
  31  7:42  Marine  
  27  7:45  Raven  
  27  7:49  Marine  
  18  7:52  SCV  
  18  7:57  Hellion  
  16  8:04  SCV  
  13  8:16  SCV  
Tags
 
Add a new tag
Caveats
  • Supply blocks, unpowered buildings, or Contaminate may cause inaccurate times.
  • Supply counts are checked every 10 seconds.